 Dungeon Crawl Stone Soup version 0.31-a0-816-gd61d57ddb1 (webtiles) character file.

Game seed: 9075116399751469711

23 GordonOverkill the Trooper (level 3, -10/33 HPs)
             Began as a Meteoran Delver on Sept 22, 2023.
             Splashed by a jelly's acid (11 damage)
             ... on level 5 of the Dungeon.
             The game lasted 00:01:37 (405 turns).

GordonOverkill the Trooper (Meteoran Delver)         Turns: 405, Time: 00:01:38

Health: -10/33     AC: -5    Str: 15    XL:     3   Next: 26%
Magic:  4/4        EV: 12    Int: 11    God:
Gold:   44         SH:  0    Dex: 16    Spells: 2/2 levels left

rFire   . . .        a - +0 mace
rCold   . . .        (no shield)
rNeg    . . .        b - +0 leather armour
rPois   .            (no helmet)
rElec   .            (no cloak)
rCorr   .            (no gloves)
SInv    .            (no boots)
Will    .....        (no amulet)
Stlth   +            (no ring)
HPRegen 0.25/turn    (no ring)
MPRegen 0.09/turn

%: no passive effects
@: corroded, hasted, glowing, very quick
A: sense surroundings 1, otherworldly, glowing, explore regen
a: no special abilities


You were on level 5 of the Dungeon.
You visited 1 branch of the dungeon, and saw 2 of its levels.

You collected 44 gold pieces.

Inventory:

Hand Weapons
 a - a +0 mace (weapon)
Armour
 b - a +0 leather armour (worn)
Wands
 g - a wand of digging (3)
Scrolls
 c - a scroll of fog
 d - a scroll of revelation
 e - a scroll of fear


   Skills:
 - Level 4.0 Fighting
 + Level 3.6 Maces & Flails
 - Level 2.1 Dodging
 - Level 3.7 Stealth


You had 2 spell levels left.
You didn't know any spells.
Your spell library was empty.

Dungeon Overview and Level Annotations

Branches:
Dungeon (6/15) Zot: 789
 Temple: D:4-7

Altars:

Shops:
D:5 *([


Innate Abilities, Weirdness & Mutations

You passively map a small area around you.
You are easily found by Zot.
You glow in the dark.
You regain HP and MP as you explore.


Message History

You can access your shopping list by pressing '$'.
As you open the door, it creaks loudly!
A jelly comes into view.
The jelly quivers.
Which direction?
You close the door.
You close the door.
You open the door.
You hear a slurping noise.
The jelly eats the door!
You feel yourself speed up. The jelly misses you.
You hit the jelly but do no damage. The acid corrodes you!
Your hands burn!
The jelly hits you.
You are splashed with acid!
You hit the jelly but do no damage.
Your hands burn!
* * * LOW HITPOINT WARNING * * *
You thump the jelly!
Your hands burn!
* * * LOW HITPOINT WARNING * * *
The jelly is moderately wounded.
The jelly barely misses you.
You hit the jelly.
Your hands burn!
* * * LOW HITPOINT WARNING * * *
The jelly is heavily wounded.
The jelly barely misses you.
You hit the jelly. The acid corrodes you!
Your hands burn!
* * * LOW HITPOINT WARNING * * *
The jelly is severely wounded.
The jelly hits you.
* * * LOW HITPOINT WARNING * * *
You are splashed with acid.
* * * LOW HITPOINT WARNING * * *
You hit the jelly.
Your hands burn!
* * * LOW HITPOINT WARNING * * *
The jelly is severely wounded.
You hit the jelly but do no damage.
Your hands burn!
* * * LOW HITPOINT WARNING * * *
The jelly is severely wounded.
The jelly hits you.
* * * LOW HITPOINT WARNING * * *
You are splashed with acid!
You die...

, ...# #.# , #..#
#.# * * * #..###.# *
*#..##.####+#####
####....#.........
#.......#.........
#....##.#.........
###+#..##..†......).
#.'@+..#####.#'#####
* #.#J##.# #.#.#####
* # .......
#...#.... ,
........# ##.....#
,* #........#
#.....# *,
#........# #...÷.##
* #....∩...#
#.∩..... #........#
##.##..# , , #....>.


You could see a jelly.

Vanquished Creatures
  2 adders (D:5)
  2 orcs
4 creatures vanquished.

Notes
Turn   | Place    | Note
-------+----------+-------------------------------------------
     0 | D:5      | GordonOverkill the Meteoran Delver began the quest for the
                  | Orb.
     0 | D:5      | Reached XP level 1. HP: 19/19 MP: 2/2
    54 | D:6      | Noticed a jelly
    57 | D:6      | Noticed an iguana
   103 | D:5      | Found Ewnef's Antique Armour Emporium.
   122 | D:5      | Reached skill level 4 in Fighting
   122 | D:5      | Reached XP level 2. HP: 5/27 MP: 3/3
   370 | D:5      | Found Roumodat's Antique Weapon Boutique.
   383 | D:5      | Reached XP level 3. HP: 32/33 MP: 4/4
   391 | D:5      | Found Detital's Assorted Antiques.
   405 | D:5      | HP: 1/33 [jelly (2)]
   405 | D:5      | Splashed by a jelly's acid

Illustrated notes

Levels and vault maps discovered:
D:5:      layout_basic, serial_shops, shop, shop,
          nicolae_shop_tiny_statue_garden, nicolae_shop_behind_doors
D:6:      gammafunk_cloud_chamber, layout_rooms, uniq_edmund

Skill      XL: |  1  2 |
---------------+-------+-----
Fighting       | 4 |  4.0
Maces & Flails | 3 |  3.6
Dodging        | |  2.1
Stealth        | |  3.7

Action                     || total
---------------------------++-------
  Melee: Mace              ||    31
         Punch             ||     1
    Use: Potion            ||     1
 Armour: Leather armour    ||    19
  Dodge: Dodged            ||    20

Table legend: (Time is in decaauts)
 A = Elapsed time spent in this place.
 B = Non-inter-level travel time spent in this place.
 C = Inter-level travel time spent in this place.
 D = Time resting spent in this place.
 E = Time spent auto-exploring this place.
 F = Levels seen in this place.
 G = Mean time per level.
                   A        B        C        D        E       F      G
               +--------+--------+--------+--------+--------+-----+--------+
         Total |    410 |    410 |      0 |    242 |      0 |   2 |  205.0 |
       Dungeon |    410 |    410 |      0 |    242 |      0 |   2 |  205.0 |
               +--------+--------+--------+--------+--------+-----+--------+

Top non-repeatable levels by time:
     D:5: 343 daAuts
     D:6: 66 daAuts
